 Dungeon Crawl Stone Soup version 0.18-a0-1203-gbde16db (console) character file.

164 FIQ the Insei (level 5, -2/28 HPs)
             Began as a Vine Stalker Monk on Jan 31, 2016.
             Was a Believer of Elyvilon.
             Slain by an orc priest
             ... wielding a +0 hand axe
              (6 damage)
             ... on level 3 of the Dungeon.
             The game lasted 00:08:08 (1712 turns).

FIQ the Insei (Vine Stalker Monk)                   Turns: 1712, Time: 00:08:08

Health: -2/28      AC:  2    Str: 19    XL:     5   Next: 45%
Magic:  0/6        EV: 13    Int: 15    God:    Elyvilon [**....]
Gold:   105        SH:  0    Dex: 17    Spells: 0 memorised, 4 levels left

rFire  + . .     SeeInvis .       - Unarmed
rCold  . . .     Gourm    .     a - +0 robe
rNeg   . . .     Faith    .     (no shield)
rPois  .         Spirit   +     (no helmet)
rElec  .         Dismiss  .     (no cloak)
rCorr  .         Reflect  .     (no gloves)
SustAt .         Harm     .     (no boots)
MR     .....                    (no amulet)
Stlth  +.........               q - ring of protection from fire
                                g - ring of loudness

@: mighty, brilliant, drained, not resistant to hostile enchantments, very
unstealthy
A: fangs 2, regeneration 1, magic shield, antimagic bite, no device heal 3, rot
immunity
a: Lesser Healing, Heal Other, Divine Protection, Renounce Religion


You were on level 3 of the Dungeon.
You worshipped Elyvilon.
Elyvilon was pleased with you.
You were not hungry.

You visited 1 branch of the dungeon, and saw 3 of its levels.

You collected 105 gold pieces.

Inventory:

Armour
 a - a +0 robe (worn)
Jewellery
 g - a ring of loudness (left hand)
 q - a ring of protection from fire (right hand)
 r - an uncursed ring of resist corrosion
Scrolls
 c - 3 scrolls of remove curse
 e - 5 scrolls of teleportation {unknown}
Potions
 j - a potion of flight
 l - a potion of curing
Comestibles
 b - 2 bread rations
 h - a meat ration
 k - a royal jelly
 n - 2 beef jerkies
 o - 4 chunks of flesh


   Skills:
 + Level 3.4(2.9) Fighting
 + Level 3.0(2.6) Dodging
 - Level 2.7(2.3) Stealth
 * Level 5.3(4.8) Unarmed Combat
 + Level 1.3(0.8) Invocations


You had 4 spell levels left.
You didn't know any spells.

Dungeon Overview and Level Annotations

Branches:
Dungeon (3/15)

Altars:
Ashenzari
Elyvilon
Ru
Zin
The Shining One


Innate Abilities, Weirdness & Mutations

You have extremely sharp teeth.
Your natural rate of healing is unusually fast.
When hurt, damage is shared between your health and your magic reserves.
Your bite disrupts and absorbs the magic of your enemies.
Potions and wands cannot restore your health.
You are immune to rotting.


Message History

The orc wizard blinks!
Found 6 gold pieces.
The orc wizard gestures wildly while chanting.
The orc wizard blinks!
The orc priest invokes the aid of Beogh against you.
You struggle to resist.
Found 23 stones.
The orc priest calls down the wrath of Beogh upon you.
Something smites you!
* * * LOW HITPOINT WARNING * * *
Drink which item? (? for menu, Esc to quit)
It was a potion of brilliance.
You feel clever all of a sudden.
Drink which item? (? for menu, Esc to quit)
It was a potion of might.
You feel very mighty all of a sudden.
You punch the orc priest! Your bite misses the orc priest.
The orc priest is heavily wounded.
The orc priest hits you with a hand axe.
You die...

#(#....#.# ...... ..o. ...
##.####.#.# ............w.#
...÷...<#.# .$.........#....
..#######.# #..........#.o...#.#
..'.......## #......#.....#.#....
).##.......###........#.#§...!#..
............##....#.#...§.#......
............##........#§§§#.#.#..
............##........§.###......
............##(.....#.#.....#....
....#######.# #.@o......#........
....#######.###...(.......#.#....
......................#.#........
##........................#......
#.............##.##.............
#.............##..####.#.#....?.
#.............###.# #.......###
#.............#...## #.......#
#.............#....# #.......#
...........#....###.......#
..................#.......#


You could see an orc priest.

Vanquished Creatures
  An orc wizard (D:2)
  Crazy Yiuf (D:2)
  Ijyb (D:2)
  Terence (D:2)
  An adder (D:2)
  3 giant geckos
  2 orcs (D:3)
  A ball python (D:1)
  A giant cockroach (D:1)
  4 goblins
  3 hobgoblins
  4 jackals (D:2)
  A quokka (D:2)
  4 bats
  4 giant newts
  6 kobolds
  8 rats
46 creatures vanquished.

Notes
Turn   | Place    | Note
--------------------------------------------------------------
     0 | D:1      | FIQ the Vine Stalker Monk began the quest for the Orb.
     0 | D:1      | Reached XP level 1. HP: 11/11 MP: 2/2
    62 | D:1      | Reached XP level 2. HP: 13/16 MP: 1/3
   760 | D:2      | Reached XP level 3. HP: 15/19 MP: 2/4
   799 | D:2      | Found a white marble altar of Elyvilon.
   801 | D:2      | Found a glowing golden altar of the Shining One.
   803 | D:2      | Found a glowing silver altar of Zin.
   818 | D:2      | Became a worshipper of Elyvilon the Healer
   818 | D:2      | Reached * piety under Elyvilon
   818 | D:2      | Reached ** piety under Elyvilon
   861 | D:2      | Noticed Ijyb
   899 | D:2      | Killed Ijyb
   989 | D:2      | Reached XP level 4. HP: 22/24 MP: 5/5
  1134 | D:2      | Found a sacrificial altar of Ru.
  1153 | D:2      | Reached skill level 5 in Unarmed Combat
  1259 | D:2      | Found a shattered altar of Ashenzari.
  1363 | D:2      | Noticed Terence
  1374 | D:2      | Killed Terence
  1374 | D:2      | Reached skill level 1 in Invocations
  1374 | D:2      | Reached XP level 5. HP: 16/28 MP: 6/6
  1488 | D:2      | Noticed Crazy Yiuf
  1494 | D:2      | Killed Crazy Yiuf
  1712 | D:3      | Slain by an orc priest

Vault maps used:
D:1:      dpeg_arrival_tiny_h
D:2:      good_gods_mini_temple, nicolae_ru_great_annihilating_truth,
          ashenzari_conservatory_becter, uniq_crazy_yiuf_cottage, uniq_terence,
          uniq_iyjb
D:3:      grunt_dithmenos_smoke, first_bread, hex_medium,
          hangedman_decor_points, kennysheep_nondescript,
          hangedman_feature_mirror

Action                   |  1- 3 |  4- 6 || total
-------------------------+-------+-------++-------
Melee: Unarmed           |    72 |    94 ||   166
Invok: Lesser Healing    |       |     1 ||     1
  Use: Potion            |     1 |     3 ||     4
       Scroll            |       |     4 ||     4
 Stab: Sleeping          |     1 |     1 ||     2
       Paralysed         |       |     1 ||     1
  Eat: Chunk             |       |     3 ||     3
